 Dungeon Crawl Stone Soup version 0.30-a0-1161-g0704695555 (webtiles) character file.

Game seed: 10910565397761284554

9669 cheesebisquit the Grappler (level 11, -2/99 HPs)
             Began as a Ghoul Monk on Apr 27, 2023.
             Was a Follower of Yredelemnul.
             Slain by a yak (4 damage)
             ... on level 10 of the Dungeon.
             The game lasted 00:28:11 (10540 turns).

cheesebisquit the Grappler (Ghoul Monk)            Turns: 10540, Time: 00:28:12

Health: -2/99      AC: 18    Str: 20    XL:     11   Next: 50%
Magic:  10/10      EV:  6    Int:  5    God:    Yredelemnul [*.....]
Gold:   778        SH:  8    Dex: 11    Spells: 10/10 levels left

rFire   . .          .
                       - Unarmed
rCold   + . .        D - +0 kite shield
rNeg    + + +        A - +0 plate armour
rPois   ∞            n - +0 helmet
rElec   .            l - +0 cloak
rCorr   .            t - +0 pair of gloves
SInv    .            K - +1 pair of boots
Will    .....        G - amulet of the acrobat Stlth
                     (no ring)
HPRegen 0.00/turn    (no ring)
MPRegen 0.12/turn

%: acrobat
@: inhibited regen, invisible
A: claws 1, cold resistance 1, negative energy resistance 3, inhibited
regeneration, torment resistance 2, devour on kill
a: Renounce Religion, Recall Undead Harvest


You were on level 10 of the Dungeon.
You worshipped Yredelemnul.
Yredelemnul was noncommittal.
You visited 2 branches of the dungeon, and saw 11 of its levels.
You also visited: Ossuary.

You collected 778 gold pieces.

Inventory:

Missiles
 g - a curare-tipped dart
 y - 14 poisoned darts (quivered)
 J - 3 boomerangs of dispersal
Armour
 l - a +0 cloak (worn)
 n - a +0 helmet (worn)
 t - a +0 pair of gloves (worn)
 A - a +0 plate armour (worn)
 D - a +0 kite shield (worn)
 K - a +1 pair of boots (worn)
Jewellery
 G - an amulet of the acrobat (around neck)
Wands
 a - a wand of charming (4)
 b - a wand of polymorph (9)
Scrolls
 c - a scroll of enchant armour {unknown}
 d - 2 scrolls of magic mapping
 f - 4 scrolls of enchant weapon
 h - 2 scrolls of fear {unknown}
 j - a scroll of blinking
 k - 2 scrolls of immolation
 m - a scroll of poison
 r - 2 scrolls of acquirement {unknown}
 v - a scroll of vulnerability {unknown}
 w - 3 scrolls of teleportation {unknown}
 z - a scroll of noise {unknown}
 C - a scroll of silence {unknown}
 H - a scroll of fog {unknown}
 I - a scroll of summoning {unknown}
 L - a scroll of amnesia {unknown}
Potions
 e - 4 potions of flight
 i - 2 potions of mutation
 o - a potion of cancellation
 p - a potion of magic {unknown}
 q - a potion of resistance {unknown}
 s - 2 potions of might
 u - a potion of experience {unknown}
 x - a potion of brilliance {unknown}
 B - a potion of invisibility
 F - a potion of berserk rage {unknown}


   Skills:
 + Level 10.1 Fighting
 + Level 4.9 Armour
 + Level 5.7 Dodging
 + Level 4.4 Shields
 * Level 13.7 Unarmed Combat


You had 10 spell levels left.
You didn't know any spells.
Your spell library contained the following spells:

 Spells                   Type           Power      Damage    Failure   Level
 Blink                    Tloc           0%         N/A       100%        2
 Volatile Blastmotes      Fire/Tloc      0%         2d10      100%        3
 Fulminant Prism          Conj/Hex       0%         3d5       100%        4
 Iskenderun's Mystic Bla  Conj/Tloc      0%         2d3       100%        4
 Manifold Assault         Tloc           0%         N/A       100%        4
 Petrify                  Tmut/Erth      0%         N/A       100%        4
 Irradiate                Conj/Tmut      0%         3d11      100%        5
 Lee's Rapid Deconstruct  Erth           0%         3d4*      100%        5
 Sublimation of Blood     Necr           Unusable   N/A       N/A         2
 Storm Form               Tmut/Air       Unusable   N/A       N/A         7

Dungeon Overview and Level Annotations

Branches:
Dungeon (10/15)            Temple (1/1) D:6            Lair (0/5) D:9
Ossuary (visited)
    Orc: D:9-12

Altars:
Ashenzari
Cheibriados
Dithmenos
Fedhas
Gozag
Hepliaklqana
Kikubaaqudgha
Makhleb
Nemelex Xobeh
Okawaru
Qazlal
Ru
Sif Muna
Trog
Vehumet
Wu Jian
Xom
Yredelemnul

Annotations:
D:6 exclusion: statue


Innate Abilities, Weirdness & Mutations

You are immune to poison.
You have sharp fingernails.
Your flesh is cold resistant. (rC+)
You are immune to negative energy. (rN+++)
You do not regenerate when monsters are visible.
You are immune to unholy pain and torment.
You thrive by killing the living.


Message History

You block the yak's attack. The yak gores you but does no damage.
You punch the yak!
The yak is almost dead.
You hit the yak.
You kill the yak!
You feel better.
The dead are walking!
Something completely misses you. Something bites you but does no damage.
You block the yak's attack. The yak gores you but does no damage.
The yak gores you.
* * * LOW HITPOINT WARNING * * *
You hit the yak.
The yak is lightly wounded.
Something hits you but does no damage. Something bites you but does no damage.
The yak gores you but does no damage. x3
You barely miss the yak.
The yak is lightly wounded.
You block something's attack. Something bites you but does no damage.
You block the yak's attack. The yak gores you!
* * * LOW HITPOINT WARNING * * *
The yak gores you but does no damage.
You feel better. Something hits you but does no damage. Something bites you.
* * * LOW HITPOINT WARNING * * *
You block the yak's attack. x2; The yak gores you but does no damage.
Your yak zombie gores the yak!
You feel better. You block something's attack.
Something bites you but does no damage. The yak barely misses you.
The yak gores you!
* * * LOW HITPOINT WARNING * * *
You block the yak's attack.
You feel better.
Your yak zombie gores the yak.
Something hits you!
* * * LOW HITPOINT WARNING * * *
Something bites you!
* * * LOW HITPOINT WARNING * * *
The yak gores you but does no damage. You block the yak's attack.
The yak gores you!
* * * LOW HITPOINT WARNING * * *
You fade into invisibility!
Your yak zombie gores the yak!
Something hits you but does no damage. Something bites you but does no damage.
The yak gores you.
You die...
Yredelemnul claims you as an undead slave.

#.....# #..# .......
#.....# #.)##.......
#.....# #o.##.......
#.....# #Y.Y....# #.....#
#{Y.....# #.....# #YY.#...#
#.....# #...#.Z.# .#
####..##.# #.{.#.Y.# ..#
......##.# #...#@Y.##..#
####..##.###...#{Y......
#..##.......#.......##
#..##.......#.......##...
#..##.###...#.......##.....
#..##.# #...#.......##.....
#.....# #...#.......##.....
#...<.#
#...#.......##.....###
#.....#
#...........##......<)


You could see 3 yaks and a friendly yak zombie.

Vanquished Creatures
  Erica (D:10)
  Pikel (D:5)
  Joseph (D:8)
  Psyche (D:8)
  A troll (D:9)
  Prince Ribbit (D:6)
  7 yaks
  2 humans (D:8)
  2 steam dragons (D:7)
  Menkaure (D:7)
  3 water moccasins
  An ice beast (D:7)
  3 black bears
  4 orc warriors
  2 sky beasts
  An ogre (D:5)
  A wolf (D:9)
  3 centaurs
  A kobold brigand (D:8)
  5 bullfrogs
  A gnoll sergeant (D:6)
  2 wights (D:8)
  9 killer bees
  An electric eel (D:9)
  2 howler monkeys (D:7)
  7 hounds
  4 centaur zombies (Ossuary)
  A jelly (D:5)
  2 human zombies (Ossuary)
  7 orc priests
  Crazy Yiuf (D:7)
  A sleepcap (D:5)
  Ijyb (D:3)
  6 iguanas
  10 orc wizards
  4 mummies
  2 hound zombies (Ossuary)
  Robin (D:3)
  16 gnolls
  7 adders
  A white imp (D:6)
  An ufetubus (D:5)
  3 adder zombies (Ossuary)
  2 worms
  4 dart slugs
  38 orcs
  11 endoplasms
  5 giant cockroaches
  2 gnoll zombies (Ossuary)
  6 hobgoblins
  4 jackals
  3 quokkas
  6 ball pythons
  4 bats
  2 frilled lizards
  12 goblins
  5 goblin zombies (Ossuary)
  4 hobgoblin zombies (Ossuary)
  4 jackal zombies (Ossuary)
  5 kobolds
  A kobold zombie (Ossuary)
  An orc zombie (Ossuary)
  2 quokka zombies (Ossuary)
  A rat (D:2)
  5 rat zombies (Ossuary)
259 creatures vanquished.

Vanquished Creatures (collateral kills)
  Amaemon (D:8)
  An orange demon (D:8)
  3 yaks
  A bullfrog (D:8)
  A wight (D:8)
  3 killer bees (D:9)
  3 hounds
  2 orc wizards (D:9)
  2 gnolls (D:8)
  3 orcs
  5 kobolds (D:8)
25 creatures vanquished.

Vanquished Creatures (others)
  2 yaks (D:8)
  3 yak zombies (D:9)
  A bullfrog zombie (D:9)
  A killer bee zombie (D:9)
  A spectral electric eel (D:9)
  5 orc zombies
13 creatures vanquished.

Grand Total: 297 creatures vanquished

Notes
Turn   | Place    | Note
-------+----------+-------------------------------------------
     0 | D:1      | cheesebisquit the Ghoul Monk began the quest for the Orb.
     0 | D:1      | Reached XP level 1. HP: 19/19 MP: 0/0
   208 | D:1      | Reached XP level 2. HP: 22/26 MP: 1/1
   425 | D:1      | Reached skill level 4 in Unarmed Combat
   820 | D:2      | Found a faded altar of an unknown god.
   856 | D:2      | Reached XP level 3. HP: 33/33 MP: 2/2
  1135 | D:2      | Reached XP level 4. HP: 40/40 MP: 3/3
  1442 | D:2      | Reached skill level 5 in Unarmed Combat
  1693 | D:3      | Noticed Ijyb
  1693 | D:3      | Noticed Robin
  1722 | D:3      | Killed Ijyb
  1723 | D:3      | Reached XP level 5. HP: 13/47 MP: 4/4
  1733 | D:3      | Killed Robin
  2607 | D:4      | Reached skill level 6 in Unarmed Combat
  2684 | D:4      | Reached XP level 6. HP: 46/55 MP: 5/5
  2799 | D:4      | Reached skill level 5 in Fighting
  3300 | D:5      | Entered Level 5 of the Dungeon
  3315 | D:5      | Noticed a water moccasin
  3362 | D:5      | Killed a water moccasin
  3363 | D:5      | Reached skill level 7 in Unarmed Combat
  3363 | D:5      | Reached XP level 7. HP: 41/61 MP: 6/6
  3473 | D:5      | Found an opulent altar of Gozag.
  3518 | D:5      | Reached skill level 8 in Unarmed Combat
  3700 | D:5      | Found a sand-covered staircase.
  3734 | Ossuary  | Entered an ossuary
  3907 | Ossuary  | Reached XP level 8. HP: 51/71 MP: 7/7
  4116 | Ossuary  | Reached skill level 9 in Unarmed Combat
  4440 | D:5      | Noticed Pikel
  4455 | D:5      | Killed Pikel
  4456 | D:5      | Reached skill level 10 in Unarmed Combat
  4463 | D:5      | Reached XP level 9. HP: 79/80 MP: 8/8
  4946 | D:6      | Found a staircase to the Ecumenical Temple.
  4965 | Temple   | Entered the Ecumenical Temple
  5083 | Temple   | Became a worshipper of Yredelemnul the Dark
  5083 | Temple   | Reached * piety under Yredelemnul
  5083 | Temple   | Reached ** piety under Yredelemnul
  5275 | D:6      | Reached skill level 11 in Unarmed Combat
  5334 | D:6      | Reached skill level 1 in Armour
  5517 | D:6      | Noticed Prince Ribbit
  5527 | D:6      | Killed Prince Ribbit
  5716 | D:6      | Reached *** piety under Yredelemnul
  5935 | D:6      | Found a radiant altar of Vehumet.
  6113 | D:7      | Noticed Menkaure
  6118 | D:7      | Killed Menkaure
  6142 | D:7      | Reached skill level 1 in Shields
  6419 | D:7      | Reached XP level 10. HP: 76/90 MP: 9/9
  6521 | D:7      | Reached skill level 12 in Unarmed Combat
  6832 | D:7      | Found a shadowy altar of Dithmenos.
  7060 | D:7      | Found a runed translucent door.
  7061 | D:7      | Noticed Crazy Yiuf
  7111 | D:7      | Reached **** piety under Yredelemnul
  7273 | D:7      | Killed Crazy Yiuf
  7437 | D:8      | Noticed Amaemon
  7437 | D:8      | Noticed an orange demon
  7457 | D:8      | Killed Amaemon
  7463 | D:8      | Killed an orange demon
  7935 | D:8      | Found an iron altar of Okawaru.
  8267 | D:8      | Noticed Psyche
  8268 | D:8      | Noticed Joseph
  8278 | D:8      | Killed Psyche
  8285 | D:8      | Killed Joseph
  8286 | D:8      | Reached skill level 5 in Dodging
  8286 | D:8      | Reached skill level 13 in Unarmed Combat
  8486 | D:8      | Found an ornate altar of the Wu Jian Council.
  8500 | D:8      | Found a bloodstained altar of Trog.
  8552 | D:8      | You fall into a shaft and drop 1 floor!
  8597 | D:9      | Reached XP level 11. HP: 99/99 MP: 10/10
  9547 | D:9      | Found a staircase to the Lair.
  9569 | D:9      | Reached skill level 10 in Fighting
 10038 | D:9      | Found a burning altar of Makhleb.
 10040 | D:9      | Noticed a blizzard demon
 10050 | D:10     | Entered Level 10 of the Dungeon
 10118 | D:10     | Noticed Erica
 10131 | D:10     | Killed Erica
 10139 | D:10     | HP: 1/99 [yak (9)]
 10539 | D:10     | HP: 2/99 [yak (13)]
 10540 | D:10     | Slain by a yak

Illustrated notes

Levels and vault maps discovered:
D:1:      dpeg_arrival_rooms_c, layout_basic
D:2:      layout_rooms, basic_ecumenical_altar, minmay_hedge_maze
D:3:      layout_basic, nicolae_goblin_pals
D:4:      layout_loops_ring
D:5:      layout_loops_ring, grunt_gozag_breadcrumbs, gup_ossuary_entry_pyramid,
          kennysheep_generic_room_3, uniq_pikel
D:6:      layout_basic, vehumet_statue, minmay_temple_entry_drinking_statues,
          hangedman_abyss_or_decor_passed, uniq_prince_ribbit1
D:7:      layout_basic, mainiacjoe_overflow_catch_the_wave,
          kennysheep_generic_room_11, uniq_crazy_yiuf_cottage, uniq_menkaure
D:8:      layout_cave_pods, okawaru_humans, minitemple, hex_medium,
          minmay_orc_keep, uniq_amaemon, uniq_psyche, uniq_joseph
D:9:      layout_roguey, makhleb_altar_promises_db, erik_lair_island
D:10:     layout_long_grid, kennysheep_mini, orc_0_dummy, minmay_diced_spiral,
          uniq_erica, uniq_josephine
Temple:   nicolae_temple_god_jail

Skill      XL: |  1  2  3  4  5  6  7  8  9 10 11 |
---------------+----------------------------------+-----
Unarmed Combat | 4 5 6 7 8 10 11 13 | 13.7
Fighting       | 4 5 6 7 8 9 10 | 10.1
Dodging        | 3 5 |  5.7
Armour         | 2 4 |  4.9
Shields        | 1 3 4 |  4.4

Action                     |  1- 3 |  4- 6 |  7- 9 | 10-12 || total
---------------------------+-------+-------+-------+-------++-------
  Melee: Unarmed           |    68 |   199 |   322 |   291 ||   880
  Throw: Dart              |       |     9 |     6 |     5 ||    20
         Throwing net      |       |     1 |       |       ||     1
 Invoke: Recall Undead Har |       |       |     1 |       ||     1
  Evoke: Wand              |       |       |       |     5 ||     5
    Use: Potion            |       |     5 |     2 |     8 ||    15
         Scroll            |       |     1 |     4 |     6 ||    11
   Stab: Held in net/web   |       |     2 |       |       ||     2
 Armour: Robe              |    12 |     5 |       |       ||    17
         Leather armour    |       |    28 |    11 |       ||    39
         Chain mail        |       |       |   108 |       ||   108
         Plate armour      |       |       |    47 |   225 ||   272
  Dodge: Dodged            |    40 |   109 |   103 |   153 ||   405
  Block: Kite shield       |       |       |    18 |   190 ||   208

Table legend: (Time is in decaauts)
 A = Elapsed time spent in this place.
 B = Non-inter-level travel time spent in this place.
 C = Inter-level travel time spent in this place.
 D = Time resting spent in this place.
 E = Time spent auto-exploring this place.
 F = Levels seen in this place.
 G = Mean time per level.
                   A        B        C        D        E       F      G
               +--------+--------+--------+--------+--------+-----+--------+
         Total |  10419 |   9901 |    518 |    352 |   7780 |  12 |  868.2 |
       Dungeon |   9823 |   9348 |    475 |    352 |   7401 |  10 |  982.3 |
        Temple |    134 |     91 |     43 |      0 |     81 |   1 |  134.0 |
       Ossuary |    460 |    460 |      0 |      0 |    298 |   1 |  460.0 |
               +--------+--------+--------+--------+--------+-----+--------+

Top non-repeatable levels by time:
     D:8: 1688 daAuts
     D:7: 1455 daAuts
     D:5: 1194 daAuts
     D:9: 1015 daAuts
     D:3: 999 daAuts
     D:6: 966 daAuts
     D:1: 863 daAuts
     D:4: 710 daAuts
     D:2: 700 daAuts
 Ossuary: 460 daAuts
    D:10: 228 daAuts
  Temple: 134 daAuts
